 Dungeon Crawl Stone Soup version 0.31.0-11-ge490571c62 (webtiles) character file.

Game seed: 1859483688139234051

836 qw the Shooter (level 7, 0/35 HPs)
             Began as a Spriggan Hunter on Feb 4, 2024.
             Slain by an adder (2 damage)
             ... in a sewer.
             The game lasted 00:00:17 (3669 turns).

qw the Shooter (Spriggan Hunter)                    Turns: 3669, Time: 00:00:17

Health: 0/35       AC:  7    Str:  7    XL:     7   Next: 66%
Magic:  8/8        EV: 19    Int: 11    God:
Gold:   254        SH:  0    Dex: 20    Spells: 6/6 levels left

rFire   + . .        a - +1 shortbow (freeze)
rCold   + . .        (shield currently unavailable)
rNeg    . . .        c - +0 robe
rPois   +            (helmet restricted)
rElec   +            f - +4 cloak of Weightlessness {rPois rCorr Stlth+}
rCorr   +            (gloves unavailable)
SInv    +            (boots unavailable)
Will    +....        (no amulet)
Stlth   +++          j - ring of protection from cold
HPRegen 0.25/turn    (no ring)
MPRegen 0.11/turn

%: no passive effects
@: constricted, very quick
A: very small, no large weapons, unfitting armour, see invisible, speed 3, fire
resistance 1, electricity resistance
a: no special abilities


You were in a sewer.
You visited 1 branch of the dungeon, and saw 5 of its levels.
You also visited: Sewer.

You collected 254 gold pieces.


Innate Abilities, Weirdness & Mutations

You are very small and have problems with some larger weapons.
You are too small for most types of armour.
You have supernaturally acute eyesight. (SInv)
You cover ground extremely quickly. (Speed+++)
Your flesh is heat resistant. (rF+)
You are resistant to electric shocks. (rElec)


   Skills:
 - Level 2.7 Fighting
 + Level 7.6 Ranged Weapons
 - Level 7.2 Dodging
 - Level 1.5 Stealth


You had 6 spell levels left.
You didn't know any spells.
Your spell library was empty.

Inventory:

Hand Weapons
 a - a +1 shortbow of freezing (weapon)
Armour
 c - a +0 robe (worn)
 f - the +4 cloak of Weightlessness (worn) {rPois rCorr Stlth+}
   (You found it on level 4 of the Dungeon)

   rPois:     It protects you from poison rCorr: It protects you from acid and
   corrosion.
   Stlth+:    It makes you more stealthy.
Jewellery
 j - a ring of protection from cold (left hand)
Wands
 l - a wand of charming (24)
Potions
 b - a potion of cancellation {unknown}
 d - a potion of might {unknown}
 e - a potion of resistance
 g - a potion of mutation
 h - 2 potions of curing
 i - a potion of ambrosia {unknown}

Dungeon Overview and Level Annotations

Branches:
Dungeon (5/15)              Sewer (1/1)
 Temple: D:4-7

Altars:
Qazlal

Annotations:
D:2 1 runed translucent door, Crazy Yiuf Sewer exclusion: 6 rats


Message History

The adder misses you. x2; The river rat misses you.
The ball python completely misses you. The ball python constricts you.
The ball python completely misses you.
You escape the ball python's grasp.
The adder attacks as it pursues you! The adder closely misses you.
You see here a ball python corpse.
The river rat attacks as it pursues you!
The river rat bites you but does no damage.
Enter note: You shoot an arrow.
The arrow misses the adder.
The arrow closely misses the ball python.
The adder misses you. x2
You shoot an arrow. The arrow hits the adder.
The arrow freezes the adder.
The adder is moderately wounded.
The adder barely misses you. The adder closely misses you.
The adder bites you but does no damage.
The ball python bites you but does no damage.
The ball python grabs you. The ball python constricts you.
You shoot an arrow.
The arrow hits the ball python but does no damage.
The adder barely misses you. x2; The ball python bites you.
The ball python constricts you. The adder bites you but does no damage.
You shoot an arrow.
The arrow closely misses the ball python.
The adder closely misses you. The ball python closely misses you.
The ball python bites you but does no damage.
The ball python constricts you. The adder closely misses you.
The adder completely misses you.
You shoot an arrow.
The arrow closely misses the ball python.
The adder misses you. The ball python misses you.
The ball python bites you but does no damage.
The ball python constricts you. The adder closely misses you.
The ball python completely misses you. The adder barely misses you.
The ball python misses you. The ball python constricts you.
You shoot an arrow. The arrow hits the ball python.
The arrow freezes the ball python.
The ball python is severely wounded.
The adder barely misses you. The adder bites you.
You die...

### ..## ##..# ....####...
#......... .. ##.......#
.... #......S@####......
.......SSS##.....%##~~~
........rS.......~~~~~~~#
~......%....~~~~~~~~~~~~~
~~~~~~~~~~~~~~~~~~~~~~~~~~#
~~~~~~~~~~~~~~~~~~~~~~~~~~~~
~~~~~~.......~~~~~~~~~~~~~~#
~~~~~...........~~~~~~~~~~~#
...................~~~~~~~~#


You could see 2 adders, a river rat and 3 ball pythons.

Vanquished Creatures
  A water moccasin (D:5)
  An ice beast (D:5)
  A phantom (D:5)
  2 scorpions (D:4)
  A jelly (D:5)
  6 hounds
  An iguana (D:5)
  An orc wizard (D:3)
  6 adders
  3 river rats (Sewer)
  4 dart slugs
  2 ribbon worms
  6 orcs
  11 ball pythons
  4 bats
  4 endoplasms
  9 giant cockroaches
  7 goblins
  10 hobgoblins
  9 quokkas
  8 kobolds
  22 rats
119 creatures vanquished.

Notes
Turn   | Place    | Note
-------+----------+-------------------------------------------
     0 | D:1      | qw the Spriggan Hunter began the quest for the Orb.
     0 | D:1      | Reached XP level 1. HP: 10/10 MP: 2/2
     0 | D:1      | 0 ||| qw: Version: 0.3-a-160-g6735b56
     0 | D:1      | 0 ||| qw: Game counter: 5084
     0 | D:1      | 0 ||| qw: Melee chars always use a shield: true
     0 | D:1      | 0 ||| qw: God list: Okawaru
     0 | D:1      | 0 ||| qw: Allow faded altars: false
     0 | D:1      | 0 ||| qw: Do Orc after clearing Dungeon:15 true
     0 | D:1      | 0 ||| qw: Do second Lair branch before Depths: true
     0 | D:1      | 0 ||| qw: Lair rune preference: random
     0 | D:1      | 0 ||| qw: Goals: Normal
     0 | D:1      | 0 ||| PLANNING D:1-11
    61 | D:1      | Reached skill level 3 in Dodging
   146 | D:1      | Reached XP level 2. HP: 14/14 MP: 3/3
   524 | D:1      | 524 ||| READING scroll labelled FAUGOGUCOU.
   525 | D:1      | 525 ||| READING scroll labelled CEUFUB OSCHOWYU.
   525 | D:1      | 525 ||| IDENTIFYING silvery potion
   526 | D:1      | 526 ||| READING scroll labelled ONEYR WAUTA.
   527 | D:1      | 527 ||| READING scroll labelled RIRONU NUKHLELA.
   527 | D:1      | 527 ||| ENCHANTING +0 shortbow.
   528 | D:1      | 528 ||| DROPPING scroll of butterflies.
   529 | D:1      | 529 ||| DROPPING potion of lignification.
   582 | D:2      | Reached XP level 3. HP: 18/18 MP: 4/4
   625 | D:2      | Found a runed translucent door.
   626 | D:2      | Noticed Crazy Yiuf
  1110 | D:2      | 1110 ||| UPGRADING to ring of protection from cold.
  1111 | D:2      | 1111 ||| READING scroll labelled LOUBOKLOIJIZ.
  1111 | D:2      | 1111 ||| BRANDING +0 shortbow.
  1112 | D:2      | 1112 ||| READING scroll labelled REPEEPR XIRPHOU.
  1112 | D:2      | 1112 ||| ENCHANTING +0 shortbow of freezing.
  1113 | D:2      | 1113 ||| READING scroll labelled EWOCSU RIEVA.
  1114 | D:2      | 1114 ||| READING scroll labelled EDUNAJ NIEDD.
  1187 | D:2      | 1187 ||| DRINKING 2 coppery potions.
  1188 | D:2      | 1188 ||| DRINKING 2 bubbling emerald potions.
  1189 | D:2      | 1189 ||| DROPPING potion of brilliance.
  1256 | D:3      | Reached XP level 4. HP: 22/22 MP: 5/5
  1622 | D:3      | 1622 ||| DRINKING 2 potions of curing.
  1622 | D:3      | 1622 ||| (to cure confusion)
  1964 | D:3      | 1964 ||| READING 2 scrolls of identify.
  1964 | D:3      | 1964 ||| IDENTIFYING metallic yellow potion
  1965 | D:3      | 1965 ||| READING scroll of identify.
  1965 | D:3      | 1965 ||| IDENTIFYING inky potion
  1966 | D:3      | 1966 ||| READING scroll labelled ZOGIX AROXT.
  1966 | D:3      | Identified a scroll of acquirement
  1966 | D:3      | 1966 ||| ACQUIRING +3 cloak of Reason {+Blink}
  1966 | D:3      | Acquired the +3 cloak of Reason {+Blink}
  1968 | D:3      | 1968 ||| UPGRADING to +3 cloak of Reason {+Blink}.
  1973 | D:3      | 1973 ||| READING scroll labelled GUOTOEHIDI.
  1974 | D:3      | 1974 ||| DRINKING 2 emerald potions.
  1975 | D:3      | 1975 ||| DROPPING potion of attraction.
  2081 | D:4      | Found a stormy altar of Qazlal.
  2083 | D:4      | Noticed a scorpion
  2085 | D:4      | Killed a scorpion
  2086 | D:4      | Reached XP level 5. HP: 27/27 MP: 6/6
  2101 | D:4      | Identified the +4 cloak of Weightlessness {rPois rCorr
                  | Stlth+}
  2145 | D:4      | 2145 ||| FLEEEEING.
  2340 | D:4      | Reached skill level 6 in Ranged Weapons
  2340 | D:4      | Reached XP level 6. HP: 25/32 MP: 7/7
  2708 | D:4      | 2708 ||| UPGRADING to +4 cloak of Weightlessness {rPois
                  | rCorr Stlth+}.
  2718 | D:4      | 2718 ||| DROPPING +3 cloak of Reason {+Blink}.
  2719 | D:4      | 2719 ||| READING scroll labelled LOVIPT JUAMOKH.
  2820 | D:4      | 2820 ||| DRINKING 2 sedimented cyan potions.
  2820 | D:4      | Gained mutation: Your flesh is heat resistant. (rF+)
                  | [potion of mutation]
  2820 | D:4      | Gained mutation: You are resistant to electric shocks.
                  | (rElec) [potion of mutation]
  2829 | D:5      | Entered Level 5 of the Dungeon
  2830 | D:5      | 2830 ||| PLANNING SEWER
  2898 | D:5      | Reached skill level 6 in Dodging
  2968 | D:5      | Noticed a water moccasin
  2978 | D:5      | Killed a water moccasin
  2979 | D:5      | Reached XP level 7. HP: 30/35 MP: 8/8
  3543 | D:5      | Found a glowing drain.
  3545 | D:5      | 3545 ||| READING scroll labelled XENAEG JEIDU.
  3552 | Sewer    | Entered a sewer
  3650 | Sewer    | HP: 7/35 [river rat (3)]
  3651 | Sewer    | 3651 ||| DRINKING potion of heal wounds.
  3657 | Sewer    | HP: 7/35 [ball python (3)]
  3657 | Sewer    | HP: 2/35 [river rat (4)]
  3666 | Sewer    | HP: 2/35 [ball python (1)]
  3669 | Sewer    | Slain by an adder

Levels and vault maps discovered:
D:1:      orjb1_lava_funnel, layout_loops_ring, amcnicky_mini_pool_small,
          chequers_decorated_corner
D:2:      layout_basic, uniq_crazy_yiuf_cottage
D:3:      layout_loops_cross, dk_vineyard_1
D:4:      layout_loops_ring, mainiacjoe_overflow_surrounded_room
D:5:      layout_loops_ring, gup_sewer_entry_pipe, nicolae_elevator_lobby_plus
Sewer:    sewer_minmay_treatment

Skill      XL: |  1  2  3  4  5  6  7 |
---------------+----------------------+-----
Dodging        | 3 4 5 6 7 |  7.2
Ranged Weapons | 5 6 7 |  7.6
Fighting       | 2 |  2.7
Stealth        | |  1.5

Action                     |  1- 3 |  4- 6 |  7- 9 || total
---------------------------+-------+-------+-------++-------
   Fire: Shortbow          |   122 |   128 |   111 ||   361
    Use: Scroll            |     8 |     5 |     1 ||    14
         Potion            |     2 |     3 |     1 ||     6
 Armour: Robe              |    10 |    24 |    81 ||   115
  Dodge: Dodged            |    37 |    39 |   246 ||   322

Table legend:
 A = Non-vault XP
 B = Vault XP
 C = Vault XP percentage of total XP
 D = Non-vault monster count
 E = Vault monster count
 F = Vault count percentage of total count
                 A         B        C        D         E       F
            +---------+---------+-------+---------+---------+-------
      Total |    1122 |      73 |   6.1 |      91 |      28 |  23.5
            +---------+---------+-------+---------+---------+-------
        D:1 |      38 |       0 |   0.0 |      22 |       0 |   0.0
        D:2 |      49 |       0 |   0.0 |      14 |       0 |   0.0
        D:3 |      88 |       0 |   0.0 |      17 |       0 |   0.0
        D:4 |     299 |       0 |   0.0 |      24 |       0 |   0.0
        D:5 |     648 |      12 |   1.8 |      14 |       6 |  30.0
      Sewer |       0 |      61 | 100.0 |       0 |      22 | 100.0
            +---------+---------+-------+---------+---------+-------
